 Dungeon Crawl Stone Soup version 0.30.1-9-gdf580d7c3d (webtiles) character file.

Game seed: 7181379871144295810

11 bearlyready the Insei (level 2, 23/23 HPs)
             Began as a Meteoran Transmuter on Oct 8, 2023.
             Quit the game on level 1 of the Dungeon.
             The game lasted 00:00:39 (269 turns).

bearlyready the Insei (Meteoran Transmuter)          Turns: 269, Time: 00:00:40

Health: 23/23      AC:  2    Str: 11    XL:     2   Next: 52%
Magic:  7/7        EV: 12    Int: 14    God:
Gold:   16         SH:  0    Dex: 14    Spells: 6/7 levels left

rFire   . .          .
                       - Unarmed
rCold   . . .        (no shield)
rNeg    . . .        a - +0 robe
rPois   .            (no helmet)
rElec   .            (no cloak)
rCorr   .            (no gloves)
SInv    .            (no boots)
Will    .....        (no amulet)
Stlth   +            (no ring)
HPRegen 0.23/turn    (no ring)
MPRegen 0.10/turn

%: no passive effects
@: glowing
A: sense surroundings 1, otherworldly, glowing, explore regen
a: no special abilities


You were on level 1 of the Dungeon.
You visited 1 branch of the dungeon, and saw 1 of its levels.

You collected 16 gold pieces.

Inventory:

Armour
 a - a +0 robe (worn)
Potions
 b - a potion of lignification


   Skills:
 - Level 1.1 Fighting
 - Level 2.4 Dodging
 + Level 4.0 Unarmed Combat
 - Level 3.0 Spellcasting
 + Level 2.7 Transmutations


You had 6 spell levels left.
You knew the following spells:

 Your Spells              Type           Power      Damage    Failure   Level
a - Beastly Appendage     Tmut           18%        N/A       7%          1

Your spell library contained the following spells:

 Spells                   Type           Power      Damage    Failure   Level
 Wereblood                Tmut           9%         N/A       11%         2
 Spider Form              Tmut/Pois      5%         N/A       36%         3
 Ice Form                 Ice/Tmut       5%         N/A       77%         4


Dungeon Overview and Level Annotations

Branches:
Dungeon (1/15) Zot: 332

Altars:


Innate Abilities, Weirdness & Mutations

You passively map a small area around you.
You are easily found by Zot.
You glow in the dark.
You regain HP and MP as you explore.


Message History

Your transformation is almost over.
Your horns disappear.
Your talons disappear.
A ball python comes into view.
The ball python barely misses you. The ball python grabs you.
The ball python constricts you.
You closely miss the ball python. The ball python closely misses you.
The ball python constricts you.
You hit the ball python.
You kill the ball python!
Your Unarmed Combat skill increases to level 4!
An endoplasm comes into view.
The endoplasm quivers.
The endoplasm hits you.
You completely miss the endoplasm. You hit the endoplasm.
The endoplasm is moderately wounded.
The endoplasm closely misses you.
You hit the endoplasm.
The endoplasm is heavily wounded.
The endoplasm freezes you.
You are frozen.
You hit the endoplasm.
You kill the endoplasm!
No target in view! 2 rats come into view.
There are monsters nearby!
The rat bites you.
You hit the rat.
You kill the rat!
The rat bites you.
You hit the rat.
You kill the rat!
No target in view!
No target in view!
No target in view!
No target in view!
No target in view!
Found a stone staircase leading down.
No target in view!
Are you sure you want to abandon this character and quit the game? (Confirm with "yes".)

.....#.##,#.#
.......#..#.#
.......##.#.###
.......#..†...#
.......#..#.#.#
.......#. #.#.#
.......#, #.#.##########
####.#.####.#...........
#........#...@....... *
,#...######...†.......
*,#...# #...........
#...# #........... * ,
,#...# #..........>,
#...# *#........... * ,
#.... ##.......... #..##
* ........#.# , * ,*


There were no monsters in sight!

Vanquished Creatures
  A ball python (D:1)
  A bat (D:1)
  An endoplasm (D:1)
  A giant cockroach (D:1)
  2 goblins (D:1)
  A frilled lizard (D:1)
  A kobold (D:1)
  2 rats (D:1)
10 creatures vanquished.

Notes
Turn   | Place    | Note
-------+----------+-------------------------------------------
     0 | D:1      | bearlyready the Meteoran Transmuter began the quest for the
                  | Orb.
     0 | D:1      | Reached XP level 1. HP: 16/16 MP: 5/5
   156 | D:1      | Reached XP level 2. HP: 20/23 MP: 7/7
   254 | D:1      | Reached skill level 4 in Unarmed Combat
   269 | D:1      | Quit the game

Illustrated notes

Levels and vault maps discovered:
D:1:      kennysheep_arrival_forest, layout_basic

Skill      XL: |  1  2 |
---------------+-------+-----
Spellcasting   | 3 |  3.0
Unarmed Combat | 4 |  4.0
Fighting       | |  1.1
Dodging        | |  2.4
Transmutations | |  2.7

Action                     || total
---------------------------++-------
  Melee: Unarmed           ||    25
         Punch             ||     1
         Kick              ||     1
   Cast: Beastly Appendage ||     3
 Armour: Robe              ||     5
  Dodge: Dodged            ||    13
